 Dungeon Crawl Stone Soup version 0.29.1-15-g9cfb28693d (webtiles) character file.

Game seed: 15822205952094302212

190 Smoke131 the Firebug (level 5, -10/38 HPs)
             Began as a Draconian Fire Elementalist on Feb 26, 2023.
             Was an Initiate of Vehumet.
             Engulfed by a cloud of flame (18 damage)
             ... on level 4 of the Dungeon.
             The game lasted 00:07:58 (4490 turns).

Smoke131 the Firebug (Draconian Fire Elementalist)  Turns: 4490, Time: 00:07:58

Health: -10/38     AC:  5    Str: 10    XL:     5   Next: 41%
Magic:  9/9        EV: 12    Int: 17    God:    Vehumet [......]
Gold:   184        SH:  0    Dex: 12    Spells: 7/10 levels left

rFire   . . .      SeeInvis .   e - +1 spear (venom)
rCold   . . .      Faith    .   (no shield)
rNeg    . . .      Spirit   .   (body armour unavailable)
rPois   .          Reflect  .   (helmet restricted)
rElec   .          Harm     .   (no cloak)
rCorr   .          Rampage  .   (no gloves)
Will    .....                   (no boots)
Stlth   ++........              (no amulet)
HPRegen 0.12/turn               (no ring)
MPRegen 0.11/turn               (no ring)

@: no status effects
A: AC +5, unfitting armour, cold-blooded
a: Renounce Religion


You were on level 4 of the Dungeon.
You worshipped Vehumet.
Vehumet was noncommittal.
You visited 1 branch of the dungeon, and saw 4 of its levels.

You collected 184 gold pieces.

Inventory:

Hand Weapons
 e - a +1 spear of venom (weapon)
Wands
 k - a wand of quicksilver (3)
Scrolls
 d - a scroll of teleportation {unknown}
Potions
 a - a potion of magic
 b - 3 potions of mutation
 c - a potion of haste {unknown}
 f - a potion of ambrosia
 j - a potion of curing
 l - 2 potions of heal wounds
 n - a potion of resistance {unknown}


   Skills:
 + Level 3.0 Dodging
 - Level 1.7 Stealth
 + Level 3.1 Spellcasting
 + Level 2.7 Conjurations
 + Level 4.0 Fire Magic


You had 7 spell levels left.
You knew the following spells:

 Your Spells              Type           Power      Damage    Failure   Level
a - Foxfire               Conj/Fire      56%        2x1d6     4%          1
b - Scorch                Fire           32%        2d6       4%          2

Your spell library contained the following spells:

 Spells                   Type           Power      Damage    Failure   Level
 Conjure Flame            Conj/Fire      14%        6-21      13%         3
 Inner Flame              Hex/Fire       9%         N/A       22%         3
 Flame Wave               Conj/Fire      14%        2d6       41%         4


Dungeon Overview and Level Annotations

Branches:
Dungeon (4/15)
 Temple: D:4-7

Altars:
Sif Muna
Vehumet
Yredelemnul


Innate Abilities, Weirdness & Mutations

Your plain brown scales are hard. (AC +5)
You cannot fit into any form of body armour.
You are cold-blooded and may be slowed by cold attacks.


Message History

The adder hisses angrily.
You miss the adder. The adder bites you.
The adder bites you but does no damage.
You closely miss the adder. The adder bites you.
You are poisoned.
The adder poisons you!
You miss the adder. Your punch misses the adder.
You feel sick. The adder bites you but does no damage.
The adder barely misses you.
You closely miss the adder.
You feel sick. The adder bites you but does no damage.
You hit the adder but do no damage.
The adder is poisoned.
You feel sick. The adder bites you. The adder bites you but does no damage.
You completely miss the adder.
The adder is lightly wounded.
You feel sick.
You are no longer poisoned.
The adder bites you but does no damage.
You hit the adder but do no damage.
The adder looks as sick as possible!
The adder is moderately wounded.
The adder bites you but does no damage. The adder misses you.
You hit the adder.
The adder is heavily wounded.
The adder barely misses you.
You barely miss the adder.
The adder is heavily wounded.
The adder bites you but does no damage. The adder closely misses you.
You kill the adder!
Your Fire Magic skill increases to level 4!
You hear the slow hiss of a distant avalanche of sand.
Found 14 gold pieces.
Really walk into a travel-excluded area?
You are engulfed in blazing flames.
Ouch! That really hurt!
* * * LOW HITPOINT WARNING * * *
There is a radiant altar of Vehumet here.
You kneel at the altar of Vehumet.
Vehumet welcomes you!
You are engulfed in blazing flames.
You die...

#...# #.#
#.###..####.#
#.#.........# #
#.#.........# #.
#.#.........#
#.###.#.........#
#.☼.............#
####..☼.§..........#
......._@.....>....#
#####.§☼☼..........#
#..§..#.######.#
####$...# ... ######
##


There were no monsters in sight!

Vanquished Creatures
  Robin (D:2)
  4 adders
  7 gnolls
  2 worms
  2 dart slugs (D:1)
  6 ball pythons
  4 endoplasms
  2 giant cockroaches
  15 goblins
  8 hobgoblins
  2 jackals (D:1)
  A quokka (D:1)
  4 bats
  A frilled lizard (D:1)
  A kobold (D:1)
  7 rats
67 creatures vanquished.

Vanquished Creatures (collateral kills)
  A foxfire (D:1)
1 creature vanquished.

Vanquished Creatures (others)
  28 foxfires
28 creatures vanquished.

Grand Total: 96 creatures vanquished

Notes
Turn   | Place    | Note
-------+----------+-------------------------------------------
     0 | D:1      | Smoke131 the Draconian Fire Elementalist began the quest
                  | for the Orb.
     0 | D:1      | Reached XP level 1. HP: 14/14 MP: 3/3
   473 | D:1      | Reached XP level 2. HP: 20/20 MP: 0/5
   930 | D:1      | Learned a level 2 spell: Scorch
  1447 | D:1      | Reached XP level 3. HP: 26/26 MP: 3/6
  1905 | D:2      | Found a faded altar of an unknown god.
  2193 | D:3      | Noticed Robin
  2211 | D:2      | Killed Robin
  2444 | D:2      | Reached XP level 4. HP: 16/33 MP: 0/8
  2660 | D:3      | Found a shimmering blue altar of Sif Muna.
  3618 | D:3      | Reached XP level 5. HP: 38/38 MP: 4/9
  4233 | D:3      | Found a basalt altar of Yredelemnul.
  4399 | D:4      | Found a radiant altar of Vehumet.
  4455 | D:4      | Reached skill level 4 in Fire Magic
  4489 | D:4      | Became a worshipper of Vehumet
  4490 | D:4      | Engulfed by a cloud of flame

Illustrated notes

Levels and vault maps discovered:
D:1:      nzn_arrival_depleted_hourglass, layout_loops_ring, chequers_big_river
D:2:      layout_rooms, hellmonk_ecumenical_altar_crossroads
D:3:      layout_loops_ring, yredelemnul_altar_generic,
          mainiacjoe_overflow_tiny_flanked, uniq_robin
D:4:      layout_basic, fiery_altar_vehumet, lemuel_coloured_pillars_altar,
          nicolae_ossuary_entry_ruins

Skill      XL: |  1  2  3  4  5 |
---------------+----------------+-----
Dodging        | 2 3 |  3.0
Conjurations   | 2 |  2.7
Spellcasting   | 3 |  3.1
Fire Magic     | 4 |  4.0
Stealth        | |  1.7

Action                   |  1- 3 |  4- 6 || total
-------------------------+-------+-------++-------
Melee: Club              |    62 |       ||    62
       Unarmed           |     3 |       ||     3
       Tailslap          |     9 |     2 ||    11
       Mace              |    17 |       ||    17
       Punch             |     1 |     1 ||     2
       Spear             |    23 |    50 ||    73
 Cast: Foxfire           |    17 |       ||    17
       Scorch            |    12 |    24 ||    36
  Use: Scroll            |       |     9 ||     9
 Stab: Sleeping          |     4 |       ||     4
Armor: Skin              |    51 |    19 ||    70
Dodge: Dodged            |   104 |    44 ||   148
